AoeStats
← ivAN0ViC

Arena

506661895Analyzed
1v1 RM · 18d ago on Sep 14, 2026· 51m 8s· 2 players
Game mode
Random Map
Map size
Tiny (2 player)
Population
200
Speed
Normal
Resources
Standard
Victory
Conquest
Starting age
Dark Age
Ending age
Imperial Age
RankedLock teamsTeams togetherTeam positionsShared explorationLock speedFull tech treeHidden civsTurbo modeCheats
Victory
Defeat
🇲🇽 Huns · Mexico
771
+16
🇨🇱 Saracens · Chile
761
-16
ivAN0ViC
11:49 Feudal Age
12:26 Horse Collar
13:49 Double-Bit Axe
17:47 Castle Age
18:13 Pikeman
22:32 Wheelbarrow
22:26 Bow Saw
22:35 Stone Mining
26:26 Heavy Plow
27:01 Ballistics
26:53 Gold Mining
27:44 Husbandry
29:35 Hand Cart
33:57 Squires
39:07 Imperial Age
36:48 Padded Archer Armor
37:37 Arson
44:12 Elite Skirmisher
45:44 Fletching
50:39 Chemistry
JamonRush
11:46 Feudal Age
13:01 Loom
13:07 Town Watch
15:39 Castle Age
14:28 Double-Bit Axe
14:27 Horse Collar
22:13 Padded Archer Armor
22:04 Fletching
23:23 Leather Archer Armor
23:17 Gold Mining
23:41 Bow Saw
25:59 Wheelbarrow
27:56 Hand Cart
28:10 Ballistics
29:20 Bloodlines
29:11 Husbandry
35:36 Imperial Age
35:40 Bodkin Arrow
36:52 Conscription
36:57 Thumb Ring
36:13 Heavy Cavalry Archer
38:46 Chemistry
38:58 Bracer
39:28 Parthian Tactics
40:55 Conscription
40:37 Elite Tarkan
41:24 Scale Barding Armor
41:32 Forging
41:46 Marauders
45:33 Heavy Plow
47:17 Chain Barding Armor
47:33 Iron Casting
Connection lost

Rejoining the realm…

Still unreachable

The connection could not be restored.

Session expired

The server has moved on; the page needs a fresh start.